 Dungeon Crawl Stone Soup version 0.28-a0-769-g550dbda (webtiles) character file.

Game seed: 16066062272462097862

161 NeededCrab the Firebug (level 5, -11/50 HPs)
             Began as an Ogre Fire Elementalist on Oct 31, 2021.
             Mangled by an ogre (16 damage)
             ... on level 3 of the Dungeon.
             The game lasted 00:06:22 (3811 turns).

NeededCrab the Firebug (Ogre Fire Elementalist)     Turns: 3811, Time: 00:06:22

Health: -11/50     AC:  3    Str: 12    XL:     5   Next: 42%
Magic:  19/19      EV:  9    Int: 17    God:
Gold:   103        SH:  0    Dex:  9    Spells: 4/10 levels left

rFire   . . .      SeeInvis .   e - staff of poison
rCold   . . .      Faith    .   (no shield)
rNeg    . . .      Spirit   .   a - +0 robe
rPois   +          Reflect  .   (helmet restricted)
rElec   .          Harm     .   (no cloak)
rCorr   .          Rampage  .   (gloves unavailable)
Will    .....                   (boots unavailable)
Stlth   +.........              (no amulet)
HPRegen 0.16/turn               m - ring of magical power
MPRegen 0.16/turn               (no ring)

@: no status effects
A: large, unfitting armour, tough skin 1
a: no special abilities


You were on level 3 of the Dungeon.
You visited 1 branch of the dungeon, and saw 4 of its levels.

You collected 103 gold pieces.

Inventory:

Armour
 a - a +0 robe (worn)
Magical Staves
 e - a staff of poison (weapon)
Jewellery
 k - an amulet of guardian spirit
 m - a ring of magical power (left hand)
Scrolls
 b - 4 scrolls of identify {unknown}
 c - a scroll of magic mapping {unknown}
 d - 2 scrolls of teleportation {unknown}
 f - a scroll of amnesia {unknown}
 h - 2 scrolls of enchant armour {unknown}
 i - a scroll of noise {unknown}
 j - 2 scrolls of fog {unknown}
 q - a scroll of enchant weapon {unknown}
Potions
 g - a potion of berserk rage {unknown}
 l - a potion of brilliance {unknown}
 n - a potion of degeneration {unknown}
 o - a potion of heal wounds {unknown}
 p - a potion of mutation {unknown}
 r - a potion of haste {unknown}


   Skills:
 + Level 2.6 Fighting
 - Level 1.7 Dodging
 - Level 1.4 Stealth
 + Level 3.4 Spellcasting
 + Level 2.0 Conjurations
 * Level 4.0 Fire Magic


You had 4 spell levels left.
You knew the following spells:

 Your Spells              Type           Power      Damage    Failure   Level
a - Foxfire               Conj/Fire      52%        2x1d6     4%          1
b - Scorch                Fire           32%        2d7       4%          2
c - Conjure Flame         Conj/Fire      13%        6-21      14%         3

Your spell library contained the following spells:

 Spells                   Type           Power      Damage    Failure   Level
 Slow                     Hex            8%         N/A       17%         1
 Inner Flame              Hex/Fire       9%         N/A       22%         3
 Flame Wave               Conj/Fire      13%        3d5       43%         4
 Confusing Touch          Hex            2%         N/A       45%         3
 Yara's Violent Unravell  Hex/Tmut       1%         3d3       99%         5


Dungeon Overview and Level Annotations

Branches:
Dungeon (4/15)
 Temple: D:4-7

Altars:
Zin

Annotations:
D:4 Robin


Innate Abilities, Weirdness & Mutations

You are too large for most types of armour.
You have tough skin. (AC +1)


Message History

Flames lash the goblin.
You kill the goblin!
Casting: Scorch (safe; 4% risk of failure)
Confirm with . or Enter, or press ? or * to list all spells.
Flames lash the hobgoblin.
The hobgoblin is heavily wounded.
The hobgoblin's fire resistance burns away.
The hobgoblin hits you but does no damage.
Casting: Scorch (safe; 4% risk of failure)
Confirm with . or Enter, or press ? or * to list all spells.
Flames lash the hobgoblin.
The hobgoblin is burned terribly!
You kill the hobgoblin!
Your magical contamination has completely faded away.
You start resting.
Magic restored.
You start resting.
HP restored.
You now have 103 gold pieces (gained 12).
You see here a +0 club.
Things that are here:
a +0 short sword; a kobold skeleton
There is a stone staircase leading down here.
You climb downwards.
Level annotation: Robin The ogre hits you with a +0 giant club!
The goblin unwields a +0 dagger.
The goblin wields a +0 hunting sling.
The goblin shoots a stone.
The stone hits you.
There is a stone staircase leading up, spattered with blood here.
The ogre hits you with a +0 giant club!!
Ouch! That really hurt!
* * * LOW HITPOINT WARNING * * *
You climb upwards.
There is a stone staircase leading down here.
Things that are here:
a +0 short sword; a kobold skeleton You see here a +0 club.
Okay, then.
There is an open door here.
The ogre hits you with a +0 giant club!
You die...

.##.## ##.##....#....#.# #####
.#...#####...###.##....#.#
#....
...#.......#...........#.#
#.###
.#...#####...#...........# #.#
# ###.##...##.##........##.#
#.# # ##.[....)#..........##.#
#.# #
#..>...)..)........##.####.# #
#...)...###'###............# #
#.......##..O@.......##.#### #
#.......##...........##.# #
#.......##...........##.# #
######<###...........##.# #
#######.# #...........##.######
#.....#.# #...........##.##....
#.###.#.###...........##.##.##.
#.###.#..#......########.##.##.
#.##............# #.......


You could see an ogre.

Vanquished Creatures
  An iguana (D:2)
  A hound zombie (D:3)
  3 adders
  An adder skeleton (D:3)
  2 worms
  An orc (D:3)
  10 ball pythons
  3 bats
  4 endoplasms (D:3)
  3 giant cockroaches
  11 goblins
  8 hobgoblins
  6 jackals
  7 kobolds
  5 quokkas
  3 frilled lizards
  A quokka zombie (D:3)
  9 rats
79 creatures vanquished.

Vanquished Creatures (others)
  203 foxfires
  2 withered plants (D:3)
205 creatures vanquished.

Grand Total: 284 creatures vanquished

Notes
Turn   | Place    | Note
-------+----------+-------------------------------------------
     0 | D:1      | NeededCrab the Ogre Fire Elementalist began the quest for
                  | the Orb.
     0 | D:1      | Reached XP level 1. HP: 16/16 MP: 3/3
   103 | D:1      | Reached skill level 1 in Conjurations
   199 | D:1      | Reached XP level 2. HP: 9/26 MP: 2/5
   217 | D:1      | Reached skill level 3 in Fire Magic
   238 | D:1      | Reached skill level 1 in Fighting
   725 | D:1      | Reached XP level 3. HP: 31/33 MP: 4/7
   866 | D:1      | Found a faded altar of an unknown god.
  1244 | D:2      | Learned a level 2 spell: Scorch
  1258 | D:2      | Learned a level 3 spell: Conjure Flame
  1683 | D:2      | Reached XP level 4. HP: 42/42 MP: 5/8
  1744 | D:2      | Found a glowing silver altar of Zin.
  2575 | D:3      | Reached XP level 5. HP: 50/50 MP: 6/9
  3396 | D:4      | Noticed Robin
  3402 | D:4      | Reached skill level 4 in Fire Magic
  3547 | D:4      | Noticed an ogre
  3799 | D:4      | Noticed a phantom
  3811 | D:3      | Mangled by an ogre

Illustrated notes

Levels and vault maps discovered:
D:1:      wander_arrival_peaceful_grave, layout_rooms,
          chequers_ecumenical_altar_twisty
D:2:      layout_loops_ring, basic_altar
D:3:      layout_basic, serial_undead, serial_undead_d, serial_undead_b,
          serial_undead_a, serial_undead_b, minmay_misc_feat_tower
D:4:      layout_rooms, temple_pool_b, uniq_crazy_yiuf_cottage, uniq_robin,
          uniq_natasha

Skill      XL: |  1  2  3  4  5 |
---------------+----------------+-----
Conjurations   | 1 2 |  2.0
Fire Magic     | 3 4 |  4.0
Fighting       | 1 2 |  2.6
Spellcasting   | 3 |  3.4
Dodging        | |  1.7
Stealth        | |  1.4

Action                   |  1- 3 |  4- 6 || total
-------------------------+-------+-------++-------
Melee: Unarmed           |    32 |       ||    32
       Staff             |    20 |     3 ||    23
 Cast: Foxfire           |    74 |    53 ||   127
       Scorch            |     4 |    28 ||    32
 Stab: Sleeping          |     1 |       ||     1
Armor: Robe              |    19 |     4 ||    23
Dodge: Dodged            |    36 |    12 ||    48

Table legend: (Time is in decaauts)
 A = Elapsed time spent in this place.
 B = Non-inter-level travel time spent in this place.
 C = Inter-level travel time spent in this place.
 D = Time resting spent in this place.
 E = Time spent auto-exploring this place.
 F = Levels seen in this place.
 G = Mean time per level.
                   A        B        C        D        E       F      G
               +--------+--------+--------+--------+--------+-----+--------+
         Total |   3816 |   3735 |     81 |    655 |   2576 |   4 |  954.0 |
       Dungeon |   3816 |   3735 |     81 |    655 |   2576 |   4 |  954.0 |
               +--------+--------+--------+--------+--------+-----+--------+

Top non-repeatable levels by time:
     D:3: 1489 daAuts
     D:2: 1260 daAuts
     D:1: 1052 daAuts
     D:4: 13 daAuts
